 Dungeon Crawl Stone Soup version 0.27.1 (webtiles) character file.

Game seed: 8297177066384970206

13 nxtlvl the Cutter (level 2, -3/18 HPs)
             Began as a Deep Elf Monk on Sept 3, 2021.
             Frozen to death by an endoplasm (5 damage)
             ... on level 3 of the Dungeon.
             The game lasted 00:02:28 (316 turns).

nxtlvl the Cutter (Deep Elf Monk)                    Turns: 316, Time: 00:02:29

Health: -3/18      AC:  2    Str:  8    XL:     2   Next: 24%
Magic:  4/4        EV: 13    Int: 14    God:
Gold:   28         SH:  0    Dex: 17    Spells: 1/1 levels left

rFire    . . .     SeeInvis .   a - +0 short sword
rCold    . . .     Faith    .   (no shield)
rNeg     . . .     Spirit   .   b - +0 robe
rPois    .         Reflect  .   (no helmet)
rElec    .         Harm     .   (no cloak)
rCorr    .         Rampage  .   (no gloves)
Will     .....                  (no boots)
Stlth    ++........             (no amulet)
HPRegen  0.06/turn              (no ring)
MPRegen  0.09/turn              (no ring)

@: no status effects
A: no striking features
a: no special abilities


You were on level 3 of the Dungeon.
You visited 1 branch of the dungeon, and saw 3 of its levels.

You collected 28 gold pieces.

Inventory:

Hand Weapons
 a - a +0 short sword (weapon)
Missiles
 d - 22 arrows
Armour
 b - a +0 robe (worn)
Jewellery
 g - an amulet of magic regeneration
Scrolls
 c - 4 scrolls of identify {unknown}
 e - 2 scrolls of magic mapping {unknown}
 f - a scroll of teleportation {unknown}
Potions
 h - a potion of flight {unknown}


   Skills:
 - Level 2.4 Fighting
 * Level 3.7 Short Blades
 - Level 3.6 Dodging
 - Level 2.4 Stealth


You had one spell level left.
You didn't know any spells.
Your spell library contained the following spells:

 Spells                   Type           Power      Damage    Failure   Level
 Summon Small Mammal      Summ           0%         N/A       28%         1
 Slow                     Hex            0%         N/A       41%         2
 Call Canine Familiar     Summ           0%         N/A       65%         3
 Confusing Touch          Hex            0%         N/A       65%         3
 Summon Guardian Golem    Hex/Summ       0%         N/A       65%         3
 Vampiric Draining        Necr           0%         2d6       65%         3


Dungeon Overview and Level Annotations

Branches:
Dungeon (3/15)

Altars:


Message History

There is an open door here.
h - a viscous ruby potion
There is an open door here.
You open the door.
Found a book of Callings.
There is an open door here.
You pick up a book of Callings and begin reading...
You add the spells Summon Small Mammal, Call Canine Familiar and Summon Guardian Golem to your library.
Okay, then.
Found 11 gold pieces.
You now have 28 gold pieces (gained 11).
You open the door.
There is an open door here.
A giant cockroach comes into view.
You hit the giant cockroach.
You kill the giant cockroach!
You see here a giant cockroach corpse.
A rat comes into view.
Found a scroll labelled EVU IZ POJIA.
The helpless rat fails to defend itself.
You puncture the rat!
You kill the rat!
You see here a rat corpse.
The endoplasm quivers.
The endoplasm freezes you.
You are frozen.
* * * LOW HITPOINT WARNING * * *
You hit the endoplasm.
The endoplasm is heavily wounded.
The endoplasm freezes you.
You are frozen.
* * * LOW HITPOINT WARNING * * *
You hit the endoplasm.
The endoplasm is almost dead.
The endoplasm closely misses you.
You hit the endoplasm but do no damage.
The endoplasm is almost dead.
The endoplasm freezes you.
You are frozen.
You die...

...........#........####
........................
..........##.######.####
..........##.# #.#...
..........##.# ##'#'##
.......†..##.# #......
..........##.#####......
..........##......<.....
...?...@..###.......#.##
.......J........###.#.#
..........###.#...#.#.#
##+#............#.#.#.##
#.######.#.....#.#... #.
.........#.#... #+
####.##..#..#...
...[..#.##.>† #.##.##


You could see an endoplasm.

Vanquished Creatures
  A bat (D:1)
  A giant cockroach (D:3)
  A goblin (D:1)
  A hobgoblin (D:1)
  2 kobolds (D:1)
  A quokka (D:2)
  2 ball pythons
  A frilled lizard (D:1)
  2 rats
12 creatures vanquished.

Notes
Turn   | Place    | Note
-------+----------+-------------------------------------------
     0 | D:1      | nxtlvl the Deep Elf Monk began the quest for the Orb.
     0 | D:1      | Reached XP level 1. HP: 13/13 MP: 3/3
   111 | D:1      | Reached XP level 2. HP: 4/18 MP: 4/4
   316 | D:3      | Frozen to death by an endoplasm

Illustrated notes

Levels and vault maps discovered:
D:1:      wander_arrival_lonely_grave, layout_rooms
D:2:      layout_basic, item_on_display_a
D:3:      layout_basic

Action                   || total
-------------------------++-------
Melee: Short sword       ||    43
 Stab: Sleeping          ||     1
Armor: Robe              ||     3
Dodge: Dodged            ||    25
